 Dungeon Crawl Stone Soup version 0.19.4-9-g45fd643 (webtiles) character file.

3101 graki42 the Thaumaturge (level 9, -5/47 HPs)
             Began as a Deep Elf Fire Elementalist on Feb 15, 2017.
             Slain by an orc warrior
             ... wielding a +0 trident
              (25 damage)
             ... on level 6 of the Dungeon.
             The game lasted 00:29:07 (6376 turns).

graki42 the Thaumaturge (DEFE)                      Turns: 6376, Time: 00:29:07

Health: -5/47      AC:  6    Str:  8    XL:     9   Next: 59%
Magic:  21/25      EV: 14    Int: 21    God:
Gold:   301        SH:  0    Dex: 15    Spells: 5 memorised, 13 levels left

rFire  + . .     SeeInvis .     H - +1 dagger (venom)
rCold  . . .     Gourm    .     a - +0 robe
rNeg   . . .     Faith    .     (no shield)
rPois  .         Spirit   .     s - +0 helmet (curse)
rElec  .         Reflect  .     D - +0 cloak
rCorr  .         Harm     +     k - +0 pair of gloves
MR     .....                    m - +0 pair of boots
Stlth  +++.......               b - amulet of harm
                                (no ring)
                                y - ring of protection from fire

@: lethally poisoned (-5 -> -9)
A: no striking features
a: no special abilities


You were on level 6 of the Dungeon.
You were hungry.

You visited 1 branch of the dungeon, and saw 7 of its levels.
You also visited: Sewer.

You collected 301 gold pieces.

Inventory:

Hand Weapons
 H - a +1 dagger of venom (weapon)
Armour
 a - a +0 robe (worn)
 k - a +0 pair of gloves (worn)
 m - a +0 pair of boots (worn)
 s - a cursed +0 helmet (worn)
 D - a +0 cloak (worn)
Jewellery
 b - an amulet of harm (around neck)
 y - a ring of protection from fire (left hand)
Wands
 n - a wand of random effects (27/48)
 A - a wand of acid (7/15)
 G - a wand of disintegration (12/24)
Scrolls
 e - 8 scrolls of remove curse {unknown}
 g - 2 scrolls of enchant armour {unknown}
 h - a scroll of amnesia {unknown}
 i - a scroll of enchant weapon {unknown}
 o - a scroll of immolation {unknown}
 q - 4 scrolls of magic mapping {unknown}
 t - 3 scrolls of fog {unknown}
 u - 3 scrolls of recharging {unknown}
 v - a scroll of vulnerability {unknown}
 x - a scroll of blinking {unknown}
 C - a scroll of teleportation {unknown}
 F - a scroll of fear {unknown}
Potions
 j - a potion of cancellation {unknown}
 l - 3 potions of haste
 p - a potion of heal wounds
 r - 7 potions of curing
 w - 2 potions of magic {unknown}
 B - a potion of mutation
Comestibles
 c - 7 bread rations
 d - 4 meat rations
 f - 4 fruits
 z - a beef jerky
 E - a slice of pizza


   Skills:
 + Level 1.1 Fighting
 + Level 0.8 Short Blades
 + Level 3.7 Dodging
 + Level 4.3 Stealth
 + Level 10.5 Spellcasting
 + Level 7.3 Conjurations
 + Level 2.0 Hexes
 + Level 8.7 Fire Magic
 + Level 0.4 Evocations


You had 13 spell levels left.
You knew the following spells:

 Your Spells              Type           Power        Failure   Level  Hunger
a - Flame Tongue          Conj/Fire      #####        1%          1    None
b - Conjure Flame         Conj/Fire      #####...     1%          3    None
c - Inner Flame           Hex/Fire       ####....     1%          3    None
d - Sticky Flame          Conj/Fire      #####...     2%          4    ##.....
e - Fireball              Conj/Fire      #####.....   8%          5    ####...


Dungeon Overview and Level Annotations

Branches:
Dungeon (7/15)             Temple (0/1) D:6

Altars:
Nemelex Xobeh
Okawaru
Qazlal
Uskayaw
Yredelemnul
Zin


Message History

The black bear growls angrily.
The gnoll barely misses you.
The gnoll hits you with a halberd of holy wrath!
* * * LOW HITPOINT WARNING * * *
The orc warrior closely misses you. The orc closely misses you.
The orc wizard hits you with a dagger of venom.
* * * LOW HITPOINT WARNING * * *
You are lethally poisoned!
You climb upwards.
* * * LOW HITPOINT WARNING * * *
You feel sick.
There is a stone staircase leading down here.
You feel much better. The gnoll completely misses you.
The gnoll closely misses you. The orc warrior barely misses you.
You feel sick. The gnoll barely misses you. The orc warrior misses you.
The orc hits you with a hand axe.
You feel sick.
The orc warrior hits you from afar with a trident!!
Ouch! That really hurt!
You die...

...## ....# ....# ##########
....# #......... ....# #.........
....####################.........
...).............................
...##############..............<.
....# #.....@.######.........
....### ##...###go..# #)))......
......# ##.....##.o..# ##>#####..
....#.# #.).....#>g..# #.###....
....#.# #............####.##.....
...##.###.....(.#..............##
..###..###...[..#.......[....###
### ##...)...[..#####......###
####.......# ###...####


You could see an orc warrior, 2 gnolls and an orc.

Vanquished Creatures
  The ghost of Zargon the Sneak, a novice FoSu (D:5)
  An orc warrior (D:6)
  An ice beast (D:6)
  2 sky beasts (D:6)
  A necrophage (D:5)
  2 phantoms (D:6)
  6 ogres
  2 centaurs (D:6)
  A gnoll sergeant (D:7)
  A scorpion (D:6)
  4 howler monkeys
  5 wights (D:6)
  2 crimson imps (D:6)
  A bullfrog zombie (D:5)
  A hound (D:6)
  2 orc priests
  Natasha (thrice) (D:2)
  An iguana (D:5)
  6 orc wizards
  6 worker ants
  A hound skeleton (D:5)
  A mummy (D:5)
  Robin (D:4)
  6 gnolls
  11 adders
  4 river rats (Sewer)
  A shadow imp (D:6)
  An adder skeleton (D:6)
  A worm (D:3)
  A dart slug (D:1)
  2 leopard geckos
  33 orcs
  2 giant cockroaches (D:5)
  16 goblins
  7 hobgoblins
  2 jackals (D:1)
  8 kobolds
  5 quokkas
  5 ball pythons
  3 bats (D:2)
  9 frilled lizards
  A hobgoblin zombie (D:5)
  A kobold zombie (D:5)
  2 orc zombies (D:5)
  9 rats
182 creatures vanquished.

Vanquished Creatures (others)
  A fire vortex (D:5)
1 creature vanquished.

Grand Total: 183 creatures vanquished

Notes
Turn   | Place    | Note
-------+----------+-------------------------------------------
     0 | D:1      | graki42 the Deep Elf Fire Elementalist began the quest for the Orb.
     0 | D:1      | Reached XP level 1. HP: 10/10 MP: 6/6
   469 | D:1      | Reached XP level 2. HP: 12/15 MP: 4/8
  1091 | D:2      | Found a glowing silver altar of Zin.
  1092 | D:2      | Noticed an angel
  1120 | D:2      | Noticed Natasha
  1171 | D:2      | Reached XP level 3. HP: 19/19 MP: 1/10
  1255 | D:2      | Learned a level 3 spell: Conjure Flame
  1259 | D:2      | Learned a level 3 spell: Inner Flame
  1652 | D:2      | Killed Natasha
  1652 | D:2      | Reached skill level 4 in Spellcasting
  1652 | D:2      | Reached XP level 4. HP: 16/24 MP: 3/12
  1858 | D:2      | Noticed Natasha
  1860 | D:2      | Killed Natasha
  1875 | D:2      | Noticed Natasha
  1883 | D:2      | Killed Natasha
  2024 | D:2      | Found a hide-covered altar of Uskayaw.
  2051 | D:3      | Found a basalt altar of Yredelemnul.
  2112 | D:3      | Reached XP level 5. HP: 27/28 MP: 8/13
  2118 | D:3      | Learned a level 4 spell: Sticky Flame
  2221 | D:3      | Reached skill level 5 in Spellcasting
  2391 | D:3      | Found a stormy altar of Qazlal.
  2393 | D:3      | Noticed an air elemental
  2395 | D:3      | Noticed a fire elemental
  2398 | D:3      | Noticed a water elemental
  2606 | D:4      | Noticed Robin
  2610 | D:4      | Killed Robin
  2736 | D:4      | Found a sparkling altar of Nemelex Xobeh.
  2745 | D:4      | Reached XP level 6. HP: 32/32 MP: 6/16
  2752 | D:4      | Learned a level 5 spell: Fireball
  2937 | D:4      | Reached skill level 1 in Hexes
  2958 | D:4      | Reached skill level 5 in Fire Magic
  2971 | D:4      | Reached skill level 6 in Spellcasting
  3137 | D:4      | Found an iron altar of Okawaru.
  3745 | D:5      | Entered Level 5 of the Dungeon
  3747 | D:5      | Reached XP level 7. HP: 36/36 MP: 15/18
  3777 | D:5      | Found a glowing drain.
  3821 | Sewer    | Entered a sewer
  4252 | D:5      | Noticed Zargon's ghost (novice FoSu)
  4274 | D:5      | Killed Zargon's ghost
  4274 | D:5      | Reached skill level 7 in Spellcasting
  4274 | D:5      | Reached skill level 5 in Conjurations
  4274 | D:5      | Reached XP level 8. HP: 10/42 MP: 7/21
  4594 | D:5      | Reached skill level 1 in Fighting
  4872 | D:5      | Upgraded the game from 0.19.4-8-ga85b6b9 to 0.19.4-9-g45fd643
  4992 | D:5      | Reached skill level 8 in Spellcasting
  5336 | D:6      | Reached skill level 9 in Spellcasting
  5437 | D:6      | Reached XP level 9. HP: 47/47 MP: 7/24
  5875 | D:6      | Found a staircase to the Ecumenical Temple.
  6041 | D:6      | Reached skill level 10 in Spellcasting
  6376 | D:6      | Slain by an orc warrior

Skill      XL: |  1  2  3  4  5  6  7  8  9 |
---------------+----------------------------+-----
Fire Magic     | 4 5 6 7 8 |  8.7
Dodging        | 3 |  3.7
Spellcasting   | 4 5 6 7 9 10 | 10.5
Conjurations   | 2 3 5 6 7 |  7.3
Hexes          | 1 2 |  2.0
Stealth        | 3 4 |  4.3
Fighting       | 1 |  1.1
Short Blades   | |  0.8
Evocations     | |  0.4

Action                   |  1- 3 |  4- 6 |  7- 9 || total
-------------------------+-------+-------+-------++-------
Melee: Dagger            |     6 |    10 |    27 ||    43
 Cast: Flame Tongue      |    64 |   114 |   151 ||   329
       Inner Flame       |       |     4 |     7 ||    11
       Conjure Flame     |       |     2 |     6 ||     8
       Sticky Flame      |       |     3 |     7 ||    10
       Fireball          |       |       |    15 ||    15
Evoke: Wand              |       |     2 |       ||     2
  Use: Potion            |     2 |       |     1 ||     3
       Scroll            |       |     4 |     4 ||     8
 Stab: Distracted        |       |       |     1 ||     1
  Eat: Chunk             |     2 |     7 |    11 ||    20
       Fruit             |       |       |     1 ||     1
Armor: Robe              |     3 |    13 |    20 ||    36
Dodge: Dodged            |    27 |    28 |    52 ||   107
